 Dungeon Crawl Stone Soup version 0.26-a0-64-g059e62fbdb (webtiles) character file.

Game seed: 8054793524442067780

45 Flubber the Grave Robber (level 3, -4/28 HPs)
             Began as a Deep Dwarf Necromancer on June 8, 2020.
             Killed by divine providence
             ... invoked by an orc priest
              (7 damage)
             ... on level 3 of the Dungeon on June 10, 2020.
             The game lasted 00:06:49 (1811 turns).

Flubber the Grave Robber (Deep Dwarf Necromancer)   Turns: 1811, Time: 00:06:50

Health: -4/28      AC:  2    Str: 11    XL:     3   Next: 42%
Magic:  6/6        EV: 13    Int: 16    God:
Gold:   39         SH:  0    Dex: 13    Spells: 5/7 levels left

rFire    . . .     SeeInvis .   g - +0 short sword (curse)
rCold    . . .     Gourm    .   (no shield)
rNeg     . . .     Faith    .   a - +0 robe
rPois    .         Spirit   .   (no helmet)
rElec    .         Reflect  .   (no cloak)
rCorr    .         Harm     .   (no gloves)
MR       .....                  (no boots)
Stlth    ++........             (no amulet)
HPRegen  0.00/turn              (no ring)
MPRegen  0.10/turn              (no ring)

@: lethally poisoned (-4 -> -4), non-regenerating
A: damage resistance, heal wounds, sense surroundings 1, no regeneration
a: Heal Wounds


You were on level 3 of the Dungeon.
You were not hungry.

You visited 1 branch of the dungeon, and saw 3 of its levels.

You collected 39 gold pieces.

Inventory:

Hand Weapons
 e - a +0 dagger
 g - a cursed +0 short sword (weapon)
Armour
 a - a +0 robe (worn)
Scrolls
 i - a scroll of fog {unknown}
 j - a scroll of blinking {unknown}
 m - a scroll of enchant weapon {unknown}
Potions
 b - a potion of ambrosia
 d - a potion of lignification {unknown}
 f - a potion of degeneration {unknown}
 k - a potion of might {unknown}
 l - a potion of stabbing {unknown}
 n - a potion of flight {unknown}
Comestibles
 c - a ration
 h - 6 chunks of flesh


   Skills:
 + Level 2.8 Dodging
 + Level 3.1 Stealth
 * Level 2.5 Spellcasting
 + Level 4.6 Necromancy


You had 5 spell levels left.
You knew the following spells:

 Your Spells              Type           Power        Failure   Level  Hunger
a - Pain                  Necr           ###.         3%          1    #......
b - Animate Skeleton      Necr           N/A          3%          1    #......

Your spell library contained the following spells:

 Spells                   Type           Power        Failure   Level  Hunger
 Vampiric Draining        Necr           ###.......   9%          3    ###....
 Animate Dead             Necr           N/A          28%         4    #####..
 Agony                    Necr           ###.....     63%         5    ######.


Dungeon Overview and Level Annotations

Branches:
Dungeon (3/15)

Altars:


Innate Abilities, Weirdness & Mutations

You are resistant to damage.
You can heal yourself by infusing magical energy.
You passively map a small area around you.
You do not regenerate.


Message History

The adder barely misses you.
The orc priest invokes the aid of Beogh against you.
Beogh smites you!
* * * LOW HITPOINT WARNING * * *
The giant cockroach bites you but does no damage.
The giant cockroach moves out of view.
You hear a shout!
Unknown command.
You closely miss the adder.
You hear a shout!
The adder barely misses you.
The giant cockroach completely misses you.
The adder barely misses you.
You barely miss the adder.
The giant cockroach completely misses you.
The adder bites you.
* * * LOW HITPOINT WARNING * * *
The orc priest mumbles some strange prayers to Beogh against you.
Beogh smites you!
You die...

* , , , .......#
.# *#.#
#.#.#o#####># ..#
#.# #<..........#*
, ...* #.#
#####g####### #.#
#.# #o# #.##.#
#.####### * *
#.#.# #........
#.s#######oo......
,
#@Sg{ooog..######
* * #.###########
#.#* * * #.# #o#*
##*


You could see an orc priest, an adder, 3 orcs, a giant cockroach, a hobgoblin
and a goblin.

Vanquished Creatures
  An adder (D:2)
  An ooze (D:1)
  A leopard gecko (D:1)
  A ball python (D:2)
  6 goblins
  3 hobgoblins (D:1)
  2 jackals (D:2)
  4 kobolds (D:1)
  6 bats
  3 rats (D:1)
28 creatures vanquished.

Notes
Turn   | Place    | Note
-------+----------+-------------------------------------------
     0 | D:1      | Flubber the Deep Dwarf Necromancer began the quest for the
                  | Orb.
     0 | D:1      | Reached XP level 1. HP: 15/15 MP: 3/3
   831 | D:1      | Learned a level 1 spell: Animate Skeleton
   884 | D:1      | Reached XP level 2. HP: 4/22 MP: 1/5
  1569 | D:1      | Reached XP level 3. HP: 10/28 MP: 1/6
  1770 | D:2      | Upgraded the game from 0.26-a0-58-g79b31b8662 to
                  | 0.26-a0-64-g059e62fbdb
  1811 | D:3      | Killed from afar by an orc priest

Illustrated notes

Levels and vault maps discovered:
D:1:      nzn_arrival_settlement, layout_loops_ring
D:2:      layout_basic
D:3:      layout_loops_ring, led_sif_book, portal_sewer_entry_a, first_ration

Skill      XL: |  1  2 |
---------------+-------+-----
Spellcasting   | 2 |  2.5
Stealth        | 3 |  3.1
Dodging        | |  2.8
Necromancy     | |  4.6

Action                   || total
-------------------------++-------
Melee: Unarmed           ||    11
       Dagger            ||     7
       Short sword       ||    45
 Cast: Pain              ||    49
 Abil: Heal Wounds       ||     1
  Use: Potion            ||     1
 Stab: Sleeping          ||     1
  Eat: Chunk             ||     4
Armor: Robe              ||    13
Dodge: Dodged            ||    68

Table legend:
 A = Non-vault XP
 B = Vault XP
 C = Vault XP percentage of total XP
 D = Non-vault monster count
 E = Vault monster count
 F = Vault count percentage of total count
                 A         B        C        D         E       F
            +---------+---------+-------+---------+---------+-------
      Total |      65 |       0 |   0.0 |      28 |       0 |   0.0
            +---------+---------+-------+---------+---------+-------
        D:1 |      42 |       0 |   0.0 |      22 |       0 |   0.0
        D:2 |      23 |       0 |   0.0 |       6 |       0 |   0.0
            +---------+---------+-------+---------+---------+-------
